 Dungeon Crawl Stone Soup version 0.21.0-3-g78d12a8 (webtiles) character file.

3984 inmateoo the Jinx (level 10, -3/70 HPs)
             Began as a Vampire Enchanter on Jan 11, 2018.
             Slain by a two-headed ogre
             ... wielding a +0 giant spiked club
              (30 damage)
             ... on level 8 of the Dungeon.
             The game lasted 00:19:56 (7916 turns).

inmateoo the Jinx (Vampire Enchanter)               Turns: 7916, Time: 00:19:56

Health: -3/70      AC:  5    Str: 11    XL:     10   Next: 3%
Magic:  19/19      EV: 15    Int: 19    God:
Gold:   457        SH:  0    Dex: 17    Spells: 9/21 levels left

rFire    . . .     SeeInvis +   v - +2 dagger (drain)
rCold    . . .     Gourm    .   (no shield)
rNeg     . . .     Faith    .   b - +0 robe
rPois    .         Spirit   .   a - +0 helmet
rElec    .         Reflect  .   (no cloak)
rCorr    .         Harm     .   k - +1 pair of gloves
MR       +....                  (no boots)
Stlth    +++++.....             (no amulet)
HPRegen  0.41/turn              o - +4 ring of strength
MPRegen  0.16/turn              (no ring)

@: regenerating quickly
A: fangs 3, see invisible, unbreathing
a: no special abilities


You were on level 8 of the Dungeon.
You were very full.

You visited 2 branches of the dungeon, and saw 9 of its levels.
You also visited: Sewer and Ossuary.

You collected 457 gold pieces.

Inventory:

Hand Weapons
 l - a +2 whip of electrocution
 v - a +2 dagger of draining (weapon)
Armour
 a - a +0 helmet (worn)
 b - a +0 robe (worn)
 k - a +1 pair of gloves (worn)
Jewellery
 o - a +4 ring of strength (left hand)
Wands
 t - a wand of random effects (14)
 u - a wand of acid (5)
 A - a wand of iceblast (8)
 B - a wand of enslavement (5)
Scrolls
 g - 10 scrolls of remove curse
 i - a scroll of teleportation
 n - a scroll of enchant armour
 q - 5 scrolls of identify
 r - a scroll of blinking {unknown}
 w - 4 scrolls of magic mapping {unknown}
 y - a scroll of fog
Potions
 d - 3 potions of invisibility
 e - 2 potions of haste
 f - 4 potions of flight {unknown}
 h - 4 potions of curing {unknown}
 j - 3 potions of heal wounds {unknown}
 m - a potion of cancellation
 p - 2 potions of berserk rage
 s - a potion of ambrosia
 x - 2 potions of magic {unknown}
 z - 2 potions of agility {unknown}
 C - a potion of blood
Books
 c - a book of Maledictions

   Spells                             Type                      Level
   a - Corona                         Hexes                        1
   b - Ensorcelled Hibernation        Hexes/Ice                    2
   c - Confuse                        Hexes                        3
   d - Tukima's Dance                 Hexes                        3
   e - Dazzling Spray                 Conjuration/Hexes            3


   Skills:
 + Level 3.2 Fighting
 - Level 1.1 Short Blades
 + Level 4.7 Dodging
 + Level 10.6 Stealth
 + Level 6.1 Spellcasting
 * Level 13.1 Hexes
 - Level 4.0 Ice Magic


You had 9 spell levels left.
You knew the following spells:

 Your Spells              Type           Power        Failure   Level  Hunger
a - Corona                Hex            ######.      1%          1    None
b - Ensorcelled Hibernat  Hex/Ice        #####.       1%          2    None
c - Confuse               Hex            ######..     1%          3    ##.....
d - Dazzling Spray        Conj/Hex       ####..       2%          3    ##.....
e - Tukima's Dance        Hex            ######..     1%          3    ##.....


Dungeon Overview and Level Annotations

Branches:
Dungeon (8/15)             Temple (1/1) D:7
   Lair: D:8-11

Altars:
Ashenzari
Elyvilon
Fedhas
Gozag
Hepliaklqana
Kikubaaqudgha
Makhleb
Nemelex Xobeh
Okawaru
Qazlal
Sif Muna
Trog
Uskayaw
Vehumet
Wu Jian
Xom
Yredelemnul
Zin
The Shining One


Innate Abilities, Weirdness & Mutations

Your natural rate of healing is unusually fast.
You have razor-sharp teeth.
You have supernaturally acute eyesight. (SInv)
You can survive without breathing.


Message History

The two-headed ogre closely misses you.
Unknown command.
Casting: Confuse
Confirm with . or Enter, or press ? or * to list all spells.
Aiming: Tukima's Dance
Press: ? - help, Shift-Dir - straight line, f - two-headed ogre
Aim: a two-headed ogre, wielding two giant spiked clubs (chance to defeat MR: 68%)
The giant spiked club dances into the air!
The two-headed ogre hits you with a giant spiked club!! x2
* * * LOW HITPOINT WARNING * * *
Unknown command.
Casting: Tukima's Dance
Confirm with . or Enter, or press ? or * to list all spells.
You don't know that spell.
There is an open door here.
You see here 27 sling bullets.
You see here a dire flail.
You see here a giant club.
The two-headed ogre hits you with a giant spiked club!!
You die...

.#.#.#.......#######
.#.#.###########################
.#.#.#...........[..............
........................(.....(.
#####............######.........
%%# ##.##..#####.# #.########
.## #..###.## #.# #.# .)#
######).## #O######.# '#####
#)...# #@##.....#
...#.####.#..###.##.....#
<.....))(.(....#.##.....#
.>##.####.#.##.#.....##.# ...#.#
#(#..#.#.###.##.# .#.#.#
#.#..#.#.# #.##.# ...#.#
#.#..#.#.# #.##.# ####.#
#.#....#.# #.##.# .....#
#.#.#..#.###.##.#


You could see a two-headed ogre.

Vanquished Creatures
  A spriggan (D:8)
  A hungry ghost (D:7)
  Grum (D:8)
  Menkaure (D:7)
  3 sky beasts
  A black bear (D:6)
  An ice beast (D:6)
  2 wolves (D:8)
  An ogre (D:4)
  A crocodile (Sewer)
  A big kobold (D:8)
  2 bullfrogs (D:6)
  7 scorpions
  3 wights (D:6)
  A howler monkey (D:6)
  A crimson imp (D:8)
  2 quasits (D:7)
  A centaur zombie (Ossuary)
  2 orc priests
  A hound (D:7)
  3 human zombies
  A jelly (D:7)
  An orc wizard (D:5)
  Jessica (D:2)
  Ijyb (D:5)
  Terence (D:2)
  6 worker ants
  2 big kobold zombies (Ossuary)
  3 mummies (Ossuary)
  A hound skeleton (D:7)
  A howler monkey zombie (D:7)
  A worker ant zombie (D:5)
  7 gnolls
  8 adders
  3 river rats (D:4)
  A scorpion zombie (Ossuary)
  A shadow imp (D:7)
  An ooze (D:6)
  An adder zombie (D:5)
  4 worms
  3 dart slugs
  8 leopard geckos
  17 orcs
  5 giant cockroaches
  6 hobgoblins
  8 jackals
  3 quokkas (D:2)
  3 ball pythons
  11 bats
  6 frilled lizards
  2 gnoll zombies (Ossuary)
  7 goblins
  3 goblin zombies (Ossuary)
  3 hobgoblin zombies (Ossuary)
  A jackal zombie (D:5)
  8 kobolds
  2 kobold zombies (Ossuary)
  5 orc zombies
  2 quokka skeletons
  8 rats
193 creatures vanquished.

Vanquished Creatures (collateral kills)
  2 two-headed ogres (D:8)
  2 ogres
  A jackal (D:6)
5 creatures vanquished.

Grand Total: 198 creatures vanquished

Notes
Turn   | Place    | Note
-------+----------+-------------------------------------------
     0 | D:1      | inmateoo the Vampire Enchanter began the quest for the Orb.
     0 | D:1      | Reached XP level 1. HP: 13/13 MP: 3/3
   584 | D:1      | Reached XP level 2. HP: 19/19 MP: 5/5
   596 | D:1      | Reached skill level 5 in Hexes
   600 | D:1      | Learned a level 2 spell: Ensorcelled Hibernation
   998 | D:1      | Reached XP level 3. HP: 17/24 MP: 3/6
  1246 | D:1      | Reached skill level 5 in Stealth
  1399 | D:2      | Learned a level 3 spell: Confuse
  1661 | D:2      | Reached skill level 1 in Ice Magic
  1710 | D:2      | Reached XP level 4. HP: 30/30 MP: 5/7
  1796 | D:2      | Noticed Terence
  1814 | D:2      | Killed Terence
  1814 | D:2      | Reached skill level 6 in Hexes
  1855 | D:2      | Noticed Jessica
  1861 | D:2      | Killed Jessica
  2128 | D:3      | Reached XP level 5. HP: 30/35 MP: 9/9
  2191 | D:3      | Found a shimmering altar of Xom.
  2485 | D:4      | Found a glowing drain.
  2569 | D:4      | Noticed an ogre
  2631 | D:4      | Killed an ogre
  2631 | D:4      | Reached skill level 7 in Hexes
  2631 | D:4      | Reached XP level 6. HP: 14/41 MP: 0/10
  2724 | Sewer    | Entered a sewer
  3203 | D:5      | Entered Level 5 of the Dungeon
  3711 | D:5      | Found a sand-covered staircase.
  3741 | Ossuary  | Entered an ossuary
  3808 | Ossuary  | Reached skill level 8 in Hexes
  3969 | Ossuary  | Reached XP level 7. HP: 46/46 MP: 12/12
  4292 | Ossuary  | Reached skill level 9 in Hexes
  4901 | D:5      | Noticed Ijyb
  4960 | D:5      | Learned a level 3 spell: Dazzling Spray
  4964 | D:5      | Learned a level 3 spell: Tukima's Dance
  5357 | D:5      | Found a stormy altar of Qazlal.
  5482 | D:5      | Killed Ijyb
  5531 | D:6      | Reached XP level 8. HP: 52/52 MP: 11/14
  5715 | D:6      | Reached skill level 10 in Hexes
  5966 | D:6      | Reached skill level 5 in Spellcasting
  5966 | D:6      | Reached skill level 11 in Hexes
  6174 | D:6      | Reached skill level 1 in Fighting
  6426 | D:7      | Found a staircase to the Ecumenical Temple.
  6434 | Temple   | Entered the Ecumenical Temple
  6590 | D:7      | Reached XP level 9. HP: 59/59 MP: 7/16
  6712 | D:7      | Found a sparkling altar of Nemelex Xobeh.
  6903 | D:7      | Noticed Menkaure
  6926 | D:7      | Killed Menkaure
  7339 | D:8      | Noticed a two-headed ogre
  7348 | D:8      | Killed a two-headed ogre
  7348 | D:8      | Reached skill level 10 in Stealth
  7348 | D:8      | Reached skill level 12 in Hexes
  7413 | D:8      | Noticed Grum
  7436 | D:8      | Killed Grum
  7570 | D:8      | Noticed a two-headed ogre
  7580 | D:8      | Killed a two-headed ogre
  7695 | D:8      | Reached skill level 13 in Hexes
  7860 | D:8      | Reached XP level 10. HP: 70/70 MP: 16/19
  7887 | D:8      | Noticed a two-headed ogre
  7916 | D:8      | Slain by a two-headed ogre

Skill      XL: |  1  2  3  4  5  6  7  8  9 |
---------------+----------------------------+-----
Hexes          | 5 6 7 8 9 11 13 | 13.1
Stealth        | 5 6 7 9 10 | 10.6
Ice Magic      | 1 2 3 4 |  4.0
Spellcasting   | 3 4 5 6 |  6.1
Fighting       | 1 3 |  3.2
Dodging        | 4 |  4.7
Short Blades   | |  1.1

Action                   |  1- 3 |  4- 6 |  7- 9 | 10-12 || total
-------------------------+-------+-------+-------+-------++-------
Melee: Dagger            |   111 |   158 |   440 |     1 ||   710
       Bite              |     5 |    17 |    38 |       ||    60
 Cast: Corona            |     2 |       |     1 |       ||     3
       Ensorcelled Hiber |    19 |    21 |    29 |       ||    69
       Confuse           |     2 |    14 |    39 |       ||    55
       Tukima's Dance    |       |       |     9 |     1 ||    10
  Use: Scroll            |       |    10 |     2 |       ||    12
       Potion            |       |       |     1 |       ||     1
 Stab: Sleeping          |    22 |    22 |    37 |       ||    81
       Confused          |       |     9 |    31 |       ||    40
       Distracted        |       |     1 |     1 |       ||     2
  Eat: Corpse            |    13 |     7 |    20 |     1 ||    41
Armor: Robe              |    20 |    28 |    74 |       ||   122
Dodge: Dodged            |    58 |    92 |   229 |     1 ||   380
